 Dungeon Crawl Stone Soup version 0.29-a0-284-gf9362112df (webtiles) character file.

Game seed: 14910735659609412962

1124 horus123 the Destroyer (level 8, 0/41 HPs)
             Began as a Deep Elf Conjurer on Mar 23, 2022.
             Was a Priest of Dithmenos.
             Killed from afar by Maggie (16 damage)
             ... with a bolt of fire
             ... on level 6 of the Dungeon.
             The game lasted 00:10:44 (5321 turns).

horus123 the Destroyer (Deep Elf Conjurer)          Turns: 5321, Time: 00:10:45

Health: 0/41       AC:  3    Str:  4    XL:     8   Next: 13%
Magic:  4/22       EV: 12    Int: 26    God:    Dithmenos [***...]
Gold:   260        SH:  0    Dex: 13    Spells: 16/23 levels left

rFire   . . .      SeeInvis .   j - +2 dagger (drain)
rCold   . . .      Faith    .   (no shield)
rNeg    . . .      Spirit   .   a - +0 robe
rPois   .          Reflect  .   (no helmet)
rElec   .          Harm     .   (no cloak)
rCorr   .          Rampage  .   (no gloves)
Will    .....                   g - +0 pair of boots
Stlth   +++.......              k - amulet of regeneration
HPRegen 0.93/turn               (no ring)
MPRegen 0.18/turn               (no ring)

@: wreathed by umbra
A: no striking features
a: Renounce Religion, Shadow Step


You were on level 6 of the Dungeon.
You worshipped Dithmenos.
Dithmenos was most pleased with you.
You visited 1 branch of the dungeon, and saw 6 of its levels.

You collected 260 gold pieces.

Inventory:

Hand Weapons
 j - a +2 dagger of draining (weapon)
 w - a +2 dagger of freezing
Armour
 a - a +0 robe (worn)
 g - a +0 pair of boots (worn)
Magical Staves
 r - a staff of fire
Jewellery
 k - an amulet of regeneration (around neck)
Wands
 q - a wand of digging (2)
 t - a wand of paralysis (8)
 v - a wand of iceblast (10)
Scrolls
 c - a scroll of fear {unknown}
 d - 6 scrolls of identify {unknown}
 e - 3 scrolls of noise {unknown}
 h - 4 scrolls of enchant armour {unknown}
 n - 2 scrolls of fog {unknown}
 o - 2 scrolls of immolation {unknown}
 p - a scroll of teleportation {unknown}
 u - a scroll of amnesia {unknown}
Potions
 b - a potion of magic
 f - 2 potions of invisibility {unknown}
 i - 2 potions of curing
 l - 2 potions of haste {unknown}
 m - a potion of ambrosia {unknown}
 s - a potion of heal wounds {unknown}


   Skills:
 - Level 2.4 Dodging
 - Level 2.4 Stealth
 - Level 8.0 Spellcasting
 + Level 9.6 Conjurations


You had 16 spell levels left.
You knew the following spells:

 Your Spells              Type           Power      Damage    Failure   Level
a - Magic Dart            Conj           100%       1d8       1%          1
b - Searing Ray           Conj           100%       2d8       1%          2
c - Iskenderun's Mystic   Conj/Tloc      35%        2d8       8%          4

Your spell library contained the following spells:

 Spells                   Type           Power      Damage    Failure   Level
 Dazzling Flash           Conj/Hex       70%        N/A       2%          3
 Fulminant Prism          Conj/Hex       17%        3d11      8%          4
 Animate Dead             Necr           5%         N/A       50%         4
 Borgnjor's Vile Clutch   Necr/Erth      5%         N/A       83%         5
 Summon Forest            Summ/Tloc      5%         N/A       83%         5
 Death Channel            Necr           5%         N/A       100%        6
 Eringya's Noxious Bog    Tmut/Pois      5%         N/A       100%        6
 Summon Hydra             Summ           5%         N/A       100%        7


Dungeon Overview and Level Annotations

Branches:
Dungeon (6/15)             Temple (0/1) D:6

Altars:
Dithmenos
Ru
Uskayaw

Annotations:
D:5 2 transporters
D:6 Maggie


Message History

Maggie is knocked back by the mystic blast.
Maggie slams into the rock wall!
Maggie is heavily wounded.
You hear an angry growl.
Hit: j) +2 dagger (drain)
Press: ? - help, Dir - move target, f/p - Maggie
Aim: Maggie, wielding a +1 scimitar of flaming and wearing +0 acid dragon scales (black smoke, heavily wounded, umbra, about 36% to evade your +2 dagger of draining)
Your weapon can't reach that far!
Okay, then.
Aiming: Paralyse
Press: ? - help, Shift-Dir - straight line, f/p - Maggie
Aim: Maggie, wielding a +1 scimitar of flaming and wearing +0 acid dragon scales (black smoke, heavily wounded, umbra, chance to affect: 49%) Maggie resists with some effort.
Casting: Iskenderun's Mystic Blast (quite dangerous; 8% risk of failure)
Confirm with . or Enter, or press ? or * to list all spells.
The spell is quite dangerous to miscast (8% risk of failure)!
Continue anyway?
You erupt in a blast of force!
The mystic blast hits Maggie.
Maggie is severely wounded.
Maggie is knocked back by the mystic blast.
Maggie slams into the rock wall!
Maggie is severely wounded.
You hear an angry growl.
A black bear comes into view.
Casting: Iskenderun's Mystic Blast (quite dangerous; 8% risk of failure)
Confirm with . or Enter, or press ? or * to list all spells.
The spell is quite dangerous to miscast (8% risk of failure)!
Continue anyway?
You erupt in a blast of force!
The mystic blast hits Maggie.
Maggie is severely wounded.
Maggie is knocked back by the mystic blast.
Maggie slams into the rock wall!
Maggie is almost dead.
The mystic blast hits the black bear!
The black bear is moderately wounded.
The black bear is knocked back by the mystic blast.
The black bear slams into the rock wall!
The black bear is moderately wounded.
You hear a shout!
Maggie gestures at you while chanting. The bolt of fire hits you!
You die...

... . .. .. .. .......
... .#########.....##
.... '.#.)...#......#
.....#.#@##.##......#
......§#§##.##......#
......§h@.#.##......#
#.....§####.##......#
#...@#....#.##......#.
#.....................
......###.....###.....
## ... #...##...##...
.... #..#..###..#..


You could see Maggie and a black bear.

Vanquished Creatures
  A sky beast (D:3)
  A black bear (D:5)
  An orc warrior (D:6)
  An ogre (D:4)
  4 scorpions
  3 hounds (D:5)
  3 jellies (D:5)
  3 orc priests
  Ijyb (D:5)
  2 iguanas
  8 adders
  A white imp (D:5)
  A worm (D:2)
  2 dart slugs
  10 orcs
  7 ball pythons
  7 bats
  8 endoplasms
  A giant cockroach (D:4)
  7 goblins
  10 hobgoblins
  6 kobolds
  4 quokkas
  2 frilled lizards
  9 rats
103 creatures vanquished.

Notes
Turn   | Place    | Note
-------+----------+-------------------------------------------
     0 | D:1      | horus123 the Deep Elf Conjurer began the quest for the Orb.
     0 | D:1      | Reached XP level 1. HP: 10/10 MP: 6/6
   219 | D:1      | Reached XP level 2. HP: 15/15 MP: 5/9
   295 | D:1      | Learned a level 2 spell: Searing Ray
   441 | D:1      | Found a faded altar of an unknown god.
   472 | D:1      | Prayed at the altar of an unknown god.
   472 | D:1      | Became a worshipper of Dithmenos the Shadowed
   472 | D:1      | Reached * piety under Dithmenos
   746 | D:1      | Reached XP level 3. HP: 19/19 MP: 8/11
   844 | D:1      | Reached skill level 5 in Spellcasting
  1841 | D:2      | Reached ** piety under Dithmenos
  2074 | D:3      | Reached XP level 4. HP: 24/24 MP: 9/14
  2113 | D:3      | Learned a level 4 spell: Iskenderun's Mystic Blast
  2739 | D:3      | Noticed a sky beast
  2748 | D:3      | Killed a sky beast
  2749 | D:3      | Reached XP level 5. HP: 28/28 MP: 5/17
  2988 | D:4      | Reached skill level 5 in Conjurations
  2988 | D:4      | Reached XP level 6. HP: 27/32 MP: 6/19
  3254 | D:4      | Reached skill level 6 in Conjurations
  3902 | D:4      | Reached skill level 7 in Conjurations
  3902 | D:4      | Reached XP level 7. HP: 6/36 MP: 10/20
  4015 | D:5      | Entered Level 5 of the Dungeon
  4066 | D:5      | Found a transporter.
  4133 | D:5      | Found a transporter.
  4455 | D:5      | Reached skill level 8 in Conjurations
  4460 | D:5      | Reached *** piety under Dithmenos
  4727 | D:5      | Noticed Ijyb
  4732 | D:5      | Killed Ijyb
  4733 | D:5      | Reached skill level 9 in Conjurations
  4840 | D:5      | Found a sacrificial altar of Ru.
  4840 | D:5      | Found a hide-covered altar of Uskayaw.
  5150 | D:6      | Reached XP level 8. HP: 27/41 MP: 4/22
  5285 | D:6      | Found a staircase to the Ecumenical Temple.
  5299 | D:6      | Noticed Maggie
  5321 | D:6      | Killed from afar by Maggie

Illustrated notes

Levels and vault maps discovered:
D:1:      dpeg_arrival_solitude, layout_basic,
          hellmonk_ecumenical_altar_prayer_group
D:2:      layout_basic
D:3:      layout_basic, st_stairs_14
D:4:      layout_basic, serial_corexii_hall, chequers_hall_statues_corner_a,
          corexii_hall_statues_deadend
D:5:      gammafunk_steamed_eel, layout_loops_ring,
          gammafunk_temple_overflow_statue, bh_walls_and_bars, uniq_ijyb
D:6:      layout_basic, minmay_temple_entry_steel_oval, enter_ossuary_3,
          uniq_maggie

Skill      XL: |  1  2  3  4  5  6  7 |
---------------+----------------------+-----
Spellcasting   | 4 6 8 |  8.0
Conjurations   | 5 7 9 |  9.6
Dodging        | |  2.4
Stealth        | |  2.4

Action                   |  1- 3 |  4- 6 |  7- 9 || total
-------------------------+-------+-------+-------++-------
 Cast: Magic Dart        |    93 |    65 |    38 ||   196
       Searing Ray       |       |    11 |    13 ||    24
       Iskenderun's Myst |       |       |     8 ||     8
Evoke: Wand              |       |       |     2 ||     2
  Use: Potion            |       |       |     1 ||     1
Armor: Robe              |     3 |     3 |     3 ||     9
Dodge: Dodged            |     4 |     5 |    19 ||    28

Table legend: (Time is in decaauts)
 A = Elapsed time spent in this place.
 B = Non-inter-level travel time spent in this place.
 C = Inter-level travel time spent in this place.
 D = Time resting spent in this place.
 E = Time spent auto-exploring this place.
 F = Levels seen in this place.
 G = Mean time per level.
                   A        B        C        D        E       F      G
               +--------+--------+--------+--------+--------+-----+--------+
         Total |   5318 |   5206 |    112 |    350 |   4251 |   6 |  886.3 |
       Dungeon |   5318 |   5206 |    112 |    350 |   4251 |   6 |  886.3 |
               +--------+--------+--------+--------+--------+-----+--------+

Top non-repeatable levels by time:
     D:1: 1130 daAuts
     D:4: 1117 daAuts
     D:5: 976 daAuts
     D:2: 891 daAuts
     D:3: 873 daAuts
     D:6: 328 daAuts
